 Dungeon Crawl Stone Soup version 0.24.0-125-gc4c63601f3 (webtiles) character file.

Game seed: 2550241132794394266, levelgen mode: deterministic

130 Frank2 the Cudgeler (level 4, -1/35 HPs)
             Began as a Demonspawn Gladiator on Mar 7, 2020.
             Slain by a gnoll
             ... wielding a +0 halberd
              (14 damage)
             ... on level 3 of the Dungeon.
             The game lasted 00:03:05 (1862 turns).

Frank2 the Cudgeler (Demonspawn Gladiator)          Turns: 1862, Time: 00:03:06

Health: -1/35      AC:  6    Str: 14    XL:     4   Next: 90%
Magic:  4/4        EV: 13    Int:  9    God:
Gold:   86         SH:  0    Dex: 16    Spells: 3/3 levels left

rFire    . . .     SeeInvis .   a - +2 flail
rCold    . . .     Gourm    .   (no shield)
rNeg     . . .     Faith    .   b - +0 leather armour
rPois    .         Spirit   .   c - +1 helmet
rElec    .         Reflect  .   (no cloak)
rCorr    .         Harm     .   (no gloves)
MR       .....                  (no boots)
Stlth    +.........             (no amulet)
HPRegen  0.11/turn              (no ring)
MPRegen  0.09/turn              (no ring)

@: no status effects
A: rugged brown scales 1
a: no special abilities


You were on level 3 of the Dungeon.
You were very hungry.

You visited 1 branch of the dungeon, and saw 3 of its levels.

You collected 86 gold pieces.

Inventory:

Hand Weapons
 a - a +2 flail (weapon)
Missiles
 d - 3 throwing nets (quivered)
Armour
 b - a +0 leather armour (worn)
 c - a +1 helmet (worn)
Scrolls
 i - 2 scrolls of magic mapping {unknown}
 j - 2 scrolls of identify
 l - a scroll of teleportation
Potions
 e - a potion of degeneration
 g - a potion of curing
 h - a potion of heal wounds {unknown}
 o - a potion of brilliance {unknown}
 q - a potion of flight {unknown}
Comestibles
 f - 3 rations


   Skills:
 + Level 2.4 Fighting
 + Level 4.1 Maces & Flails
 - Level 1.7 Throwing
 + Level 1.2 Armour
 + Level 3.5 Dodging


You had 3 spell levels left.
You didn't know any spells.
Your spell library was empty.

Dungeon Overview and Level Annotations

Branches:
Dungeon (3/15)

Altars:
Sif Muna


Innate Abilities, Weirdness & Mutations

You are partially covered in rugged brown scales. (AC +1, +3% HP)


Message History

The gnoll is severely wounded.
The gnoll hits you but does no damage.
You hit the gnoll.
You kill the gnoll!
You closely miss the gnoll.
The gnoll is heavily wounded.
The gnoll barely misses you.
The gnoll hits you from afar with a +0 halberd!
The giant cockroach waves its antennae.
You completely miss the gnoll.
The gnoll is heavily wounded.
The gnoll hits you but does no damage. The gnoll barely misses you.
You hit the gnoll but do no damage.
The gnoll is heavily wounded.
The gnoll hits you but does no damage. The gnoll closely misses you.
You barely miss the gnoll.
The gnoll is heavily wounded.
The gnoll barely misses you.
The gnoll hits you from afar with a +0 halberd!
You die...

## ## .. #.. .#
.... .##.#..
..##### ###....^.
.......####......#
#.@ggs)))#
#####...##
###....###
#........#
.....#.##.#
#####..##.#####
#.###.....##### ..
#####...... ...
#######


You could see 2 gnolls and a giant cockroach.

Vanquished Creatures
  An orc priest (D:3)
  2 gnolls (D:3)
  An adder (D:2)
  2 oozes
  2 worms (D:2)
  2 dart slugs (D:2)
  2 leopard geckos
  2 orcs (D:3)
  5 bats
  3 giant cockroaches
  8 goblins
  5 hobgoblins
  2 jackals (D:2)
  5 kobolds
  A quokka (D:2)
  2 frilled lizards
  6 rats
51 creatures vanquished.

Notes
Turn   | Place    | Note
-------+----------+-------------------------------------------
     0 | D:1      | Frank2 the Demonspawn Gladiator began the quest for the
                  | Orb.
     0 | D:1      | Reached XP level 1. HP: 16/16 MP: 1/1
    51 | D:1      | Reached skill level 3 in Maces & Flails
    51 | D:1      | Gained mutation: You are partially covered in rugged brown
                  | scales. (AC +1, +3% HP) [demonic ancestry]
    51 | D:1      | Reached XP level 2. HP: 16/22 MP: 2/2
   306 | D:1      | You fall into a shaft and drop 1 floor!
   420 | D:2      | Found a shimmering blue altar of Sif Muna.
   556 | D:1      | Reached XP level 3. HP: 27/27 MP: 3/3
  1247 | D:2      | Reached XP level 4. HP: 29/33 MP: 4/4
  1647 | D:3      | Reached skill level 1 in Armour
  1651 | D:3      | Reached skill level 4 in Maces & Flails
  1862 | D:3      | Slain by a gnoll

Levels and vault maps discovered:
D:1:      minmay_arrival_three_doors, layout_basic, minivault_14,
          minmay_tree_intersection
D:2:      wad_river_or_something, layout_loops_ring, lemuel_blue_sif_altar,
          serial_bayou_pond_d, minmay_quadrilaterals
D:3:      layout_rooms, uniq_natasha

Skill      XL: |  1  2  3  4 |
---------------+-------------+-----
Maces & Flails | 3 4 |  4.1
Dodging        | 3 |  3.5
Armour         | 1 |  1.2
Fighting       | |  2.4
Throwing       | |  1.7

Action                   |  1- 3 |  4- 6 || total
-------------------------+-------+-------++-------
Melee: Flail             |   118 |    40 ||   158
  Use: Scroll            |     9 |       ||     9
 Stab: Sleeping          |     1 |       ||     1
  Eat: Chunk             |       |     2 ||     2
Armor: Leather armour    |    32 |    13 ||    45
Dodge: Dodged            |    84 |    40 ||   124
